 Dungeon Crawl Stone Soup version 0.27-a0-652-g2d5cf1dcd3 (webtiles) character file.

Game seed: 16064929221160256227

47280 Johnny the Thaumaturge (level 14, -3/94 HPs)
             Began as a Deep Elf Earth Elementalist on Mar 16, 2021.
             Was the Champion of Okawaru.
             Slain by an orc warlord
             ... wielding a +0 war axe
              (22 damage)
             ... while paralysed by an orc sorcerer
             ... on level 1 of the Orcish Mines.
             The game lasted 00:30:54 (20361 turns).

Johnny the Thaumaturge (DEEE)                      Turns: 20361, Time: 00:30:54

Health: -3/94      AC: 17    Str:  5    XL:     14   Next: 8%
Magic:  19/34      EV:  2    Int: 32    God:    Okawaru [******]
Gold:   674        SH:  0    Dex: 15    Spells: 27/42 levels left

rFire    . . .     SeeInvis .   q - +4 dagger (venom)
rCold    . . .     Faith    .   (no shield)
rNeg     . . .     Spirit   .   G - +2 troll leather armour
rPois    .         Reflect  .   U - +2 hat
rElec    .         Harm     .   L - +0 cloak
rCorr    .         Rampage  +   k - +0 pair of gloves
Will     +....                  R - +2 pair of boots {rampage}
Stlth    ++........             n - amulet of magic regeneration
HPRegen  1.25/turn              a - +6 ring of intelligence
MPRegen  0.49/turn              i - +4 ring of protection

@: paralysed
A: no striking features
a: Renounce Religion, Heroism, Finesse


You were on level 1 of the Orcish Mines.
You worshipped Okawaru.
Okawaru was exalted by your worship.
You visited 3 branches of the dungeon, and saw 17 of its levels.
You also visited: Ossuary.

You collected 952 gold pieces.
You spent 278 gold pieces at shops.

Inventory:

Hand Weapons
 q - a +4 dagger of venom (weapon)
 D - the +5 hunting sling "Elf's Death" {freeze, rElec rPois rF++ Int-2}
   (You found it on level 5 of the Dungeon)

   It causes projectiles fired from it to freeze those they strike, causing
   extra injury to most foes and up to half again as much damage against
   particularly susceptible opponents.
   They can also slow down cold-blooded creatures.
   It affects your intelligence (-2).
   It greatly protects you from fire.
   It insulates you from electricity.
   It protects you from poison.
Missiles
 r - 196 stones
Armour
 k - a +0 pair of gloves (worn)
 F - a +1 helmet
 G - a +2 troll leather armour (worn)
 I - a +2 kite shield
 L - a +0 cloak (worn)
 O - a +2 robe of willpower
 R - a +2 pair of boots of rampaging (worn)
 U - a +2 hat (worn)
Jewellery
 a - a +6 ring of intelligence (right hand)
 e - a ring of see invisible
 i - a +4 ring of protection (left hand)
 n - an amulet of magic regeneration (around neck)
 w - a +4 ring of protection
 y - a +6 ring of dexterity
 K - a ring of wizardry
 Q - a ring of poison resistance
 S - a ring of fire
Wands
 c - a wand of random effects (64)
 p - a wand of charming (25)
 t - a wand of flame (18)
 J - a wand of mindburst (4)
 P - a wand of paralysis (4)
Scrolls
 h - 6 scrolls of fog
 j - 2 scrolls of noise
 l - 4 scrolls of teleportation
 o - 3 scrolls of amnesia
 s - a scroll of brand weapon
 u - 2 scrolls of blinking
 v - 2 scrolls of fear
 E - 2 scrolls of immolation
 N - 5 scrolls of magic mapping
Potions
 b - a potion of degeneration {unknown}
 d - a potion of mutation
 f - 6 potions of curing
 g - 2 potions of magic
 m - a potion of attraction {unknown}
 x - 5 potions of lignification {unknown}
 z - 6 potions of berserk rage
 A - 2 potions of heal wounds
 B - a potion of cancellation {unknown}
 H - 2 potions of brilliance {unknown}
 M - 7 potions of might {unknown}
 T - a potion of haste {unknown}
Miscellaneous
 C - a phantom mirror


   Skills:
 * Level 13.3 Fighting
 - Level 2.4 Dodging
 - Level 2.4 Stealth
 + Level 8.1 Shields
 + Level 14.6 Spellcasting
 - Level 1.1 Transmutations
 + Level 12.7 Earth Magic


You had 27 spell levels left.
You knew the following spells:

 Your Spells              Type           Power      Damage    Failure   Level
a - Sandblast             Erth           100%       2d20      1%          1
b - Stone Arrow           Conj/Erth      100%       3d13      1%          3
c - Lee's Rapid Deconstr  Erth           40%        3d21*     1%          5
d - Petrify               Tmut/Erth      61%        N/A       1%          4
e - Blink                 Tloc           N/A        N/A       4%          2

Your spell library contained the following spells:

 Spells                   Type           Power      Damage    Failure   Level
 Passwall                 Tmut/Erth      50%        N/A       1%          2
 Apportation              Tloc           46%        N/A       3%          1
 Foxfire                  Conj/Fire      92%        2x1d8     3%          1
 Magic Dart               Conj           92%        1d7       3%          1
 Call Imp                 Summ           23%        N/A       4%          2
 Slow                     Hex            23%        N/A       4%          2
 Conjure Flame            Conj/Fire      23%        6-21      10%         3
 Lesser Beckoning         Tloc           11%        N/A       10%         3
 Mephitic Cloud           Conj/Pois/Air  23%        N/A       10%         3
 Tukima's Dance           Hex            23%        N/A       10%         3
 Bolt of Magma            Conj/Fire/Erth 25%        4d12      16%         5
 Sticky Flame             Conj/Fire      23%        2d4       32%         4
 Iron Shot                Conj/Erth      29%        9d6       34%         6
 Alistair's Intoxication  Tmut/Pois      17%        N/A       56%         5
 Fireball                 Conj/Fire      11%        3d7       65%         5
 Iskenderun's Battlesphe  Conj           23%        2d8       65%         5
 Invisibility             Hex            23%        N/A       99%         6
 Starburst                Conj/Fire      11%        8x6d5     99%         6
 Orb of Destruction       Conj           11%        9d5       100%        7
 Spellforged Servitor     Conj/Summ      11%        N/A       100%        7


Dungeon Overview and Level Annotations

Branches:
Dungeon (15/15)            Temple (1/1) D:6            Lair (0/6) D:10
    Orc (1/2) D:12         Vaults (0/5) D:13         Depths (0/5) D:15
Ossuary (visited)

Altars:
Ashenzari
Cheibriados
Dithmenos
Elyvilon
Fedhas
Gozag
Hepliaklqana
Kikubaaqudgha
Makhleb
Nemelex Xobeh
Okawaru
Qazlal
Ru
Sif Muna
Trog
Uskayaw
Wu Jian
Xom
Yredelemnul
Zin
The Shining One

Shops:
D:7 [   D:8 :*?(

Portals:
Trove: D:12 (give 6 scrolls of fear)


Message History

The orc hits you but does no damage.
The orc warrior hits you with a +0 halberd!!
The orc warlord hits your orc knight with a +0 war axe.
The ogre hits your orc knight with a +0 giant club!
An orc priest comes into view. It is wielding a +0 short sword.
Something hits the ogre!!
The ogre dies!
Okawaru accepts your kill. The orc warrior misses you.
The orc priest calls down the wrath of Beogh upon you.
Beogh smites you!
The orc warrior no longer looks unusually strong.
The orc warrior goes into a battle-frenzy!
Your orc knight closely misses the orc warlord.
The orc sorcerer casts a spell at you.
The bolt of negative energy hits your orc knight!!
Your orc knight is drained!
Your orc knight dies!
The orc priest closely misses you.
The orc suddenly jeers.
The orc priest calls upon Beogh to heal the orc warlord.
The orc warlord is healed somewhat.
The orc warrior hits you from afar with a +0 halberd!!
The orc priest mumbles some strange prayers to Beogh against you.
Beogh smites you! The orc warrior completely misses you.
The orc no longer looks unusually strong.
The orc priest casts a cantrip, but nothing happens.
The orc no longer looks unusually strong.
The orc warrior no longer looks unusually strong.
The orc warlord roars a battlecry!
The orcs go into a battle-frenzy!
The orc sorcerer casts a spell at you.
You suddenly lose the ability to move!
The orc hits you but does no damage.
The orc warrior hits you from afar with a +0 halberd!!
* * * LOW HITPOINT WARNING * * *
The orc hits you but does no damage.
The orc warlord hits you with a +0 war axe!!
You die...

##...........)..#....##
##.).......##)......##
##..).)......).)......#
#...[.#.....)..)......##
#...))................$#
##....[o..o.............
#......ooo..............
#.....Oo..............#.
##.....@o.).[.#..)...###
##....)....#.###.##†.##.
#....#....#### ####.$...
##...))..[## ## ##....
###.[#....###.## #.....
##.......).....# ##....
##.......><.....#. ###..
#................. #....
##.....^..†.............


You could see an orc warlord, an orc sorcerer (strong), 2 orc warriors, an ogre,
an orc priest (strong) and 2 orcs.

Vanquished Creatures
  Snorg (D:14)
  Harold (D:8)
  2 boulder beetles
  2 hydras
  The ghost of fram the Cleaver, a journeyman HuFi of Okawaru (D:12)
  3 centaur warriors (D:14)
  A tengu warrior (D:15)
  7 two-headed ogres
  A deep elf knight (D:15)
  4 skeletal warriors (D:15)
  2 unseen horrors
  A deep elf archer (D:15)
  A necromancer (D:13)
  An orc sorcerer (D:15)
  An orb spider (shapeshifter) (D:13)
  5 cyclopes
  A spectral centaur (D:12)
  An ugly thing (D:13)
  5 manticores
  A faun (shapeshifter) (D:13)
  Joseph (D:7)
  Maurice (D:8)
  3 gargoyles
  A centaur skeleton (D:11)
  A komodo dragon (D:11)
  A yaktaur (D:15)
  7 trolls
  A troll (shapeshifter) (D:13)
  2 hornets
  3 meliai (D:15)
  A wolf spider simulacrum (D:12)
  Grinder (D:4)
  4 slime creatures (D:13)
  A meliai zombie (D:12)
  A spectral meliai (D:12)
  3 centaur simulacra
  A redback (shapeshifter) (D:15)
  2 shadows
  2 vampires
  2 wraiths
  4 wyverns
  24 yaks
  Eustachio (D:6)
  5 wargs (Orc:1)
  Edmund (D:4)
  A soldier ant (D:13)
  Duvessa (D:4)
  A water moccasin (D:11)
  16 orc warriors
  6 ice beasts
  2 black bears
  8 ogres
  A necrophage (D:8)
  22 centaurs
  A phantom (D:6)
  2 kobold brigands
  A spectral wyvern (D:12)
  2 gnoll sergeants (D:6)
  20 bullfrogs
  A wyvern zombie (D:13)
  Dowan (D:4)
  2 wyvern skeletons
  12 scorpions
  10 killer bees
  10 howler monkeys
  10 wights
  An electric eel (D:11)
  A quasit (D:12)
  2 bullfrog zombies
  3 hounds
  3 centaur zombies
  10 orc priests
  5 bullfrog skeletons
  2 jellies
  A gnoll shaman (D:8)
  3 human zombies (Ossuary)
  4 iguanas
  13 worker ants
  19 orc wizards
  A killer bee zombie (D:6)
  A hound zombie (D:7)
  A hound skeleton (D:11)
  4 mummies
  Robin (D:3)
  3 gnolls (D:8)
  11 adders
  8 scorpion zombies (Ossuary)
  4 white imps
  An ufetubus (D:5)
  A worm (D:2)
  3 dart slugs
  8 leopard geckos
  76 orcs
  A ball python (D:4)
  7 giant cockroaches
  22 goblins
  11 hobgoblins
  3 jackals (D:2)
  4 quokkas
  4 bats
  5 frilled lizards
  A goblin zombie (Ossuary)
  5 hobgoblin zombies (Ossuary)
  16 kobolds
  2 kobold zombies (Ossuary)
  A leopard gecko skeleton (D:6)
  A leopard gecko zombie (D:7)
  2 orc zombies (Ossuary)
  A quokka zombie (D:6)
  6 rats
528 creatures vanquished.

Vanquished Creatures (collateral kills)
  An orc high priest (Orc:1)
  An orc knight (Orc:1)
  2 orc sorcerers (Orc:1)
  A yak (D:10)
  An ogre (Orc:1)
  2 orcs (Orc:1)
8 creatures vanquished.

Vanquished Creatures (others)
  An orc knight (Orc:1)
  2 orc warriors (Orc:1)
  An orc (Orc:1)
  11 fungi (D:10)
  6 plants (D:10)
21 creatures vanquished.

Grand Total: 557 creatures vanquished

Notes
Turn   | Place    | Note
-------+----------+-------------------------------------------
     0 | D:1      | Johnny the Deep Elf Earth Elementalist began the quest for
                  | the Orb.
     0 | D:1      | Reached XP level 1. HP: 10/10 MP: 6/6
   204 | D:1      | Reached XP level 2. HP: 14/16 MP: 5/8
   498 | D:1      | You fall into a shaft and drop 1 floor!
   499 | D:2      | Noticed a bullfrog
   502 | D:2      | Killed a bullfrog
   503 | D:2      | Reached XP level 3. HP: 11/21 MP: 5/10
   503 | D:2      | Reached XP level 4. HP: 14/26 MP: 5/11
  1201 | D:2      | Reached skill level 4 in Spellcasting
  1749 | D:2      | Found a faded altar of an unknown god.
  2111 | D:2      | Learned a level 3 spell: Stone Arrow
  2482 | D:3      | Reached XP level 5. HP: 31/31 MP: 11/13
  2740 | D:3      | Noticed Robin
  2749 | D:3      | Killed Robin
  3346 | D:3      | Found a snail-covered altar of Cheibriados.
  3990 | D:4      | Noticed an ogre
  3997 | D:4      | Killed an ogre
  3998 | D:4      | Reached XP level 6. HP: 26/37 MP: 11/15
  4115 | D:4      | Noticed Edmund
  4120 | D:4      | Noticed Grinder
  4120 | D:4      | Paralysed by Grinder for 2 turns
  4126 | D:4      | Reached skill level 5 in Spellcasting
  4226 | D:4      | Killed Grinder
  4227 | D:4      | Reached skill level 5 in Earth Magic
  4227 | D:4      | Reached XP level 7. HP: 18/43 MP: 8/17
  4275 | D:4      | Noticed Dowan
  4276 | D:4      | Noticed Duvessa
  4289 | D:4      | Killed Duvessa
  4292 | D:4      | Killed Dowan
  4293 | D:4      | Reached skill level 6 in Spellcasting
  4362 | D:4      | Found a sand-covered staircase.
  4368 | Ossuary  | Entered an ossuary
  4688 | Ossuary  | Reached skill level 5 in Fighting
  4925 | Ossuary  | Reached XP level 8. HP: 49/49 MP: 11/20
  4988 | Ossuary  | Reached skill level 7 in Spellcasting
  5396 | D:4      | Found a shimmering altar of Xom.
  5401 | D:4      | Found a hide-covered altar of Uskayaw.
  5511 | D:4      | Found a burning altar of Makhleb.
  5622 | D:4      | Killed Edmund
  5814 | D:5      | Entered Level 5 of the Dungeon
  5888 | D:5      | Identified the +5 hunting sling "Elf's Death" {freeze,
                  | rElec rPois rF++ Int-2}
  6768 | D:6      | Learned a level 5 spell: Lee's Rapid Deconstruction
  6773 | D:6      | Learned a level 4 spell: Petrify
  6786 | D:6      | Reached skill level 8 in Spellcasting
  6903 | D:6      | Reached XP level 9. HP: 25/56 MP: 2/23
  7389 | D:6      | Found a staircase to the Ecumenical Temple.
  7656 | D:6      | Noticed Eustachio
  7668 | D:6      | Killed Eustachio
  7918 | Temple   | Entered the Ecumenical Temple
  8217 | Temple   | Became a worshipper of Warmaster Okawaru
  8336 | D:7      | Reached skill level 9 in Spellcasting
  8391 | D:7      | Reached skill level 1 in Shields
  8404 | D:7      | Noticed Joseph
  8608 | D:7      | Found a shadowy altar of Dithmenos.
  8613 | D:7      | You fall into a shaft and drop 1 floor!
  8614 | D:8      | Noticed Maurice
  8617 | D:8      | Killed Maurice
  8706 | D:8      | Noticed a two-headed ogre
  8710 | D:8      | Killed a two-headed ogre
  8710 | D:8      | Reached * piety under Okawaru
  8711 | D:8      | Reached XP level 10. HP: 64/64 MP: 20/25
  8723 | D:8      | Found a shimmering blue altar of Sif Muna.
  8805 | D:8      | Found Uhaihuo's Weapon Emporium.
  8883 | D:8      | Noticed Harold
  8895 | D:8      | Reached ** piety under Okawaru
  8938 | D:7      | Found an opulent altar of Gozag.
  9046 | D:7      | Killed Joseph
  9047 | D:7      | Reached skill level 10 in Spellcasting
  9147 | D:7      | Learned a level 2 spell: Blink
  9336 | D:7      | Found Zyapnued's Antique Armour Shop.
  9340 | D:7      | Bought an embroidered robe for 66 gold pieces
  9542 | D:8      | Found Uvabapeh's Assorted Antiques.
  9556 | D:8      | Bought a scroll of identify for 50 gold pieces
  9561 | D:8      | Found a broken altar of Ashenzari.
  9807 | D:8      | Found Qoronoi's Magic Scroll Shoppe.
  9816 | D:8      | Bought 3 scrolls of magic mapping for 136 gold pieces
  9816 | D:8      | Bought a scroll of identify for 26 gold pieces
  9890 | D:8      | Found Vel Bos's Book Shop.
 10186 | D:8      | Killed Harold
 10186 | D:8      | Reached *** piety under Okawaru
 10479 | D:9      | Received a gift from Okawaru
 10724 | D:9      | Found a burning altar of Makhleb.
 11184 | D:9      | Reached XP level 11. HP: 71/72 MP: 16/27
 11561 | D:10     | Entered Level 10 of the Dungeon
 11570 | D:10     | Noticed a two-headed ogre
 11574 | D:10     | Killed a two-headed ogre
 11574 | D:10     | Reached **** piety under Okawaru
 11575 | D:10     | Reached skill level 11 in Spellcasting
 11872 | D:10     | Killed an unseen horror
 11873 | D:10     | Reached skill level 10 in Fighting
 12094 | D:10     | Reached skill level 10 in Earth Magic
 12707 | D:10     | Noticed a two-headed ogre
 12712 | D:10     | Killed a two-headed ogre
 12712 | D:10     | Reached ***** piety under Okawaru
 12740 | D:10     | Found a staircase to the Lair.
 13221 | D:11     | Received a gift from Okawaru
 13332 | D:11     | Reached skill level 5 in Shields
 13887 | D:11     | Received a gift from Okawaru
 13888 | D:11     | Reached skill level 12 in Spellcasting
 14331 | D:12     | Noticed a boulder beetle
 14530 | D:12     | Found a portal to a secret trove of treasure.
 14538 | D:12     | Reached XP level 12. HP: 61/80 MP: 27/30
 14769 | D:12     | Found a staircase to the Orcish Mines.
 14796 | D:12     | Received a gift from Okawaru
 15000 | D:12     | Found a runed translucent gate.
 15000 | D:12     | Found a runed translucent gate.
 15000 | D:12     | Found a runed translucent gate.
 15000 | D:12     | Noticed fram's ghost (journeyman HuFi)
 15168 | D:12     | Killed a boulder beetle
 15249 | D:12     | Noticed a two-headed ogre
 15261 | D:12     | Reached ****** piety under Okawaru
 15278 | D:12     | Killed a two-headed ogre
 15278 | D:12     | Received a gift from Okawaru
 15766 | D:12     | Killed fram's ghost
 16043 | D:13     | Reached skill level 13 in Spellcasting
 16242 | D:13     | Noticed a five-headed hydra
 16407 | D:13     | Noticed a two-headed ogre
 16445 | D:13     | Killed a two-headed ogre
 16445 | D:13     | Received a gift from Okawaru
 16557 | D:13     | Found a gate to the Vaults.
 16617 | D:13     | Reached XP level 13. HP: 86/86 MP: 26/32
 17597 | D:14     | Identified the Reference Book on Flames
 17967 | D:14     | Noticed Snorg
 17985 | D:14     | Killed Snorg
 18105 | D:14     | Received a gift from Okawaru
 18758 | D:15     | Entered Level 15 of the Dungeon
 18766 | D:15     | Reached skill level 14 in Spellcasting
 18947 | D:15     | Found an ornate altar of the Wu Jian Council.
 19421 | D:15     | Received a gift from Okawaru
 19608 | D:15     | Paralysed by an orc sorcerer for 4 turns
 19733 | D:15     | Found a staircase to the Depths.
 20020 | Orc:1    | Entered Level 1 of the Orcish Mines
 20114 | Orc:1    | Identified the ring of Giycimah {rPois rN++ Int-4 Stlth+}
 20124 | Orc:1    | Identified the ring "Naffuop" {rF+ rC- Will++ Str+6 Slay+4}
 20132 | Orc:1    | Reached XP level 14. HP: 66/94 MP: 6/34
 20133 | Orc:1    | Noticed an orc warlord
 20154 | Orc:1    | Paralysed by an orc sorcerer for 2 turns
 20359 | Orc:1    | Paralysed by an orc sorcerer for 3 turns
 20361 | Orc:1    | Slain by an orc warlord

Illustrated notes

Levels and vault maps discovered:
D:1:      kennysheep_arrival_forest, layout_rooms, st_stairs_7
D:2:      layout_loops_corners, chequers_ecumenical_altar_simple_redux,
          minmay_goblin_outpost
D:3:      layout_basic, old_standard_altar, uniq_robin
D:4:      layout_basic, nicolae_overflow_hidden_temple,
          gup_ossuary_entry_pyramid, minmay_crystal_water,
          makhleb_blood_cavern_becter, uniq_grinder, uniq_edmund, uniq_duvessa
D:5:      layout_loops_ring
D:6:      layout_rooms, minmay_temple_entry_trees, sword_in_stone
D:7:      layout_rooms, general_overflow_altar, kennysheep_mini_moat,
          serial_shops, nicolae_shop_trees, uniq_joseph
D:8:      layout_loops_ring, old_standard_altar, nicolae_ashenzari_skybound,
          serial_shops, shop, nicolae_shop_temple_entry_statues_fountains,
          shop_fountains, kennysheep_mini, minmay_checkerbox, uniq_maurice,
          uniq_harold
D:9:      minmay_general_purpose_star, layout_long_grid,
          overflow_temple_1_default
D:10:     layout_loops_cross, grunt_lair_entry_orc_guard_hut
D:11:     layout_roguey, hive_lemuel
D:12:     layout_irregular_city, hiddenorc1_lemuel, gammafunk_ghost_necromancy,
          serial_column_ruins, column_ruins_hut, column_ruins_columns_straight,
          column_ruins_open_tiny, column_ruins_open_small, column_ruins_grid_1,
          enter_trove_2, chequers_serial_rivers_micro_c
D:13:     layout_basic, david_vaults_1
D:14:     layout_layer_cave, serial_park_gazebo [serial_park_minivault_5x5_8],
          uniq_snorg
D:15:     hangedman_depths_entry_civil_slaughter, layout_long_grid,
          chequers_serial_rivers_micro_e, basic_altar
Temple:   oiseaux_autumnal_temple
Orc:1:    layout_caves, minmay_orc_treasury

Skill      XL: |  1  2  3  4  5  6  7  8  9 10 11 12 13 |
---------------+----------------------------------------+-----
Fighting       | 2 3 4 5 6 8 9 11 12 13 | 13.3
Earth Magic    | 4 5 6 7 8 9 10 11 12 | 12.7
Spellcasting   | 4 5 6 8 9 10 12 13 14 | 14.6
Shields        | 2 3 5 6 8 |  8.1
Dodging        | |  2.4
Stealth        | |  2.4
Transmutations | |  1.1

Action                   |  1- 3 |  4- 6 |  7- 9 | 10-12 | 13-15 || total
-------------------------+-------+-------+-------+-------+-------++-------
Melee: Unarmed           |     3 |    24 |       |       |       ||    27
       Dagger            |       |    31 |   120 |   111 |    45 ||   307
       Spear             |       |     5 |       |       |       ||     5
 Fire: Hunting sling     |       |       |       |    55 |       ||    55
 Cast: Sandblast         |    13 |    83 |    94 |   173 |    42 ||   405
       Stone Arrow       |       |     7 |    65 |   158 |    62 ||   292
       Lee's Rapid Decon |       |       |    11 |    68 |    72 ||   151
       Petrify           |       |       |     7 |     7 |    12 ||    26
       Blink             |       |       |       |    14 |       ||    14
Evoke: Wand              |       |     2 |    12 |    26 |    10 ||    50
  Use: Scroll            |       |     5 |     6 |    20 |     4 ||    35
       Potion            |       |       |     3 |     3 |       ||     6
 Stab: Sleeping          |       |     2 |     2 |     3 |     2 ||     9
       Petrified         |       |       |     4 |       |     8 ||    12
       Distracted        |       |       |       |     1 |       ||     1
       Paralysed         |       |       |       |     6 |       ||     6
       Petrifying        |       |       |       |       |     1 ||     1
Armor: Robe              |     1 |    33 |    44 |    67 |       ||   145
       Troll leather arm |       |       |       |    48 |    78 ||   126
Dodge: Dodged            |     3 |    59 |   113 |   172 |    84 ||   431

Table legend: (Time is in decaauts)
 A = Elapsed time spent in this place.
 B = Non-inter-level travel time spent in this place.
 C = Inter-level travel time spent in this place.
 D = Time resting spent in this place.
 E = Time spent auto-exploring this place.
 F = Levels seen in this place.
 G = Mean time per level.
                   A        B        C        D        E       F      G
               +--------+--------+--------+--------+--------+-----+--------+
         Total |  20388 |  19708 |    680 |   4074 |  12309 |  18 | 1132.7 |
       Dungeon |  18793 |  18162 |    631 |   3630 |  11613 |  15 | 1252.9 |
        Temple |    336 |    287 |     49 |      0 |    284 |   1 |  336.0 |
  Orcish Mines |    320 |    320 |      0 |     83 |     48 |   1 |  320.0 |
       Ossuary |    937 |    937 |      0 |    361 |    363 |   1 |  937.0 |
               +--------+--------+--------+--------+--------+-----+--------+

Top non-repeatable levels by time:
     D:2: 1625 daAuts
    D:11: 1612 daAuts
    D:12: 1466 daAuts
    D:14: 1456 daAuts
    D:13: 1414 daAuts
    D:10: 1382 daAuts
     D:3: 1359 daAuts
     D:9: 1233 daAuts
    D:15: 1164 daAuts
     D:8: 1103 daAuts
     D:7: 1096 daAuts
     D:6: 1085 daAuts
     D:4: 1037 daAuts
 Ossuary: 937 daAuts
     D:5: 901 daAuts
